 Dungeon Sprint DCSS version 0.20-a0-556-g892c87b (webtiles) character file.

1180 Kidiri the Thaumaturge (level 8, 0/72 HPs)
             Began as a Deep Elf Fire Elementalist on Feb 4, 2017.
             Was an Initiate of Vehumet.
             Succumbed to Sonja's poison
             ... in the Dungeon (Sprint I: "Red Sonja").
             The game lasted 00:02:22 (751 turns).

Kidiri the Thaumaturge (Deep Elf Fire Elementalist)  Turns: 751, Time: 00:02:23

Health: 0/72       AC:  2    Str: 10    XL:     8   Next: 18%
Magic:  23/27      EV: 17    Int: 23    God:    Vehumet [......]
Gold:   405        SH:  0    Dex: 15    Spells: 16/34 levels left

rFire    . . .     SeeInvis .   (no weapon)
rCold    . . .     Gourm    .   a - +0 robe
rNeg     . . .     Faith    .   (no shield)
rPois    .         Spirit   .   (no helmet)
rElec    .         Reflect  .   (no cloak)
rCorr    .         Harm     .   (no gloves)
MR       .....     NoTele   +   (no boots)
Stlth    ..........             (no amulet)
Regen    0.3/turn               (no ring)
                                (no ring)

@: berserking, lethally poisoned (0 -> -3), slowed
A: no striking features
a: Renounce Religion


You were in the Dungeon.
You worshipped Vehumet.
Vehumet was noncommittal.
You were not hungry.

You visited 1 branch You collected 405 gold pieces.

Inventory:

Armour
 a - a +0 robe (worn)
Scrolls
 i - a scroll of blinking
Potions
 f - a potion of haste
 g - 2 potions of magic
Books
 b - a book of Flames

   Spells                             Type                      Level
   a - Flame Tongue                   Conjuration/Fire             1
   b - Throw Flame                    Conjuration/Fire             2
   c - Conjure Flame                  Conjuration/Fire             3
   d - Inner Flame                    Hexes/Fire                   3
   e - Sticky Flame                   Conjuration/Fire             4
   f - Fireball                       Conjuration/Fire             5
Comestibles
 c - a bread ration


   Skills:
 + Level 4.8 Fighting
 + Level 4.8 Armour
 + Level 7.4 Dodging
 - Level 2.4 Stealth
 * Level 13.5 Spellcasting
 + Level 8.2 Conjurations
 + Level 8.9 Fire Magic


You had 16 spell levels left.
You knew the following spells:

 Your Spells              Type           Power        Failure   Level  Hunger
a - Flame Tongue          Conj/Fire      #####        1%          1    None
b - Throw Flame           Conj/Fire      ######       1%          2    None
c - Conjure Flame         Conj/Fire      ######..     1%          3    None
d - Inner Flame           Hex/Fire       #####...     1%          3    None
e - Sticky Flame          Conj/Fire      ######..     1%          4    None
f - Fireball              Conj/Fire      ######....   4%          5    ###....


Dungeon Overview and Level Annotations

Branches:
Dungeon (1/1)

Altars:
Cheibriados
Dithmenos
Elyvilon
Fedhas
Gozag
Hepliaklqana
Kikubaaqudgha
Makhleb
Nemelex Xobeh
Okawaru
Qazlal
Ru
Sif Muna
Trog
Uskayaw
Vehumet
Xom
Yredelemnul
Zin
The Shining One
Jiyva
Lugonu

Shops:
D (%


Message History

There is an open door here.
* * * LOW HITPOINT WARNING * * *
You feel sick.
* * * LOW HITPOINT WARNING * * *
You feel sick.
Found Obideil's Antique Weapon Boutique.
* * * LOW HITPOINT WARNING * * *
You feel sick.
* * * LOW HITPOINT WARNING * * *
You feel sick.
* * * LOW HITPOINT WARNING * * *
You feel sick.
* * * LOW HITPOINT WARNING * * *
You feel sick.
A red film seems to cover your vision as you go berserk!
You feel yourself moving faster!
You feel mighty!
* * * LOW HITPOINT WARNING * * *
You feel sick.
You feel a strong urge to attack something.
You die...

#..#####+#####'#__##
#..####..#...#(####
#..#__####..##(#
#..#_____##+#..+
#⌠⌠#_.∩...+..._#
####_..__##_(#+#
#_____###'#[#
############)###
#∩.@......'$.$+
###++++####$.$#
##.## #+#


There were no monsters in sight!

Vanquished Creatures
  Sonja (D)
  A slime creature (D)
  Sigmund (D)
  A yak (D)
  An ogre (D)
  A jelly (D)
  Ijyb (D)
7 creatures vanquished.

Vanquished Creatures (others)
  A gargoyle (D)
1 creature vanquished.

Grand Total: 8 creatures vanquished

Notes
Turn   | Place    | Note
-------+----------+-------------------------------------------
     0 | D        | Kidiri the Deep Elf Fire Elementalist began the quest for the Orb.
     0 | D        | Reached XP level 1. HP: 10/10 MP: 6/6
     2 | D        | Noticed Ijyb
     5 | D        | Killed Ijyb
     5 | D        | Reached skill level 6 in Spellcasting
     5 | D        | Reached XP level 2. HP: 12/15 MP: 2/11
    15 | D        | Learned a level 2 spell: Throw Flame
    79 | D        | Noticed an ogre
    87 | D        | Killed an ogre
    87 | D        | Reached skill level 9 in Spellcasting
    87 | D        | Reached skill level 5 in Fire Magic
    87 | D        | Reached XP level 3. HP: 19/19 MP: 6/15
    87 | D        | Reached XP level 4. HP: 24/24 MP: 6/17
    95 | D        | Learned a level 3 spell: Conjure Flame
    99 | D        | Learned a level 3 spell: Inner Flame
   104 | D        | Learned a level 4 spell: Sticky Flame
   172 | D        | Noticed Sigmund
   179 | D        | Killed Sigmund
   179 | D        | Reached skill level 10 in Spellcasting
   179 | D        | Reached skill level 5 in Conjurations
   179 | D        | Reached XP level 5. HP: 16/30 MP: 11/20
   189 | D        | Learned a level 5 spell: Fireball
   321 | D        | Found a burning altar of Makhleb.
   321 | D        | Found a shimmering altar of Xom.
   321 | D        | Noticed a slime creature
   322 | D        | Found a viscous altar of Jiyva.
   322 | D        | Found a corrupted altar of Lugonu.
   340 | D        | Killed a slime creature
   340 | D        | Reached skill level 5 in Dodging
   340 | D        | Reached skill level 11 in Spellcasting
   340 | D        | Reached XP level 6. HP: 3/37 MP: 3/22
   413 | D        | Killed a gargoyle
   617 | D        | Found a deep blue altar of Sif Muna.
   619 | D        | Found a radiant altar of Vehumet.
   629 | D        | Became a worshipper of Vehumet
   660 | D        | Found Camucob's Food Emporium.
   660 | D        | Found an ancient bone altar of Kikubaaqudgha.
   660 | D        | Found a hazy altar of Hepliaklqana.
   660 | D        | Found a stormy altar of Qazlal.
   660 | D        | Found a hide-covered altar of Uskayaw.
   660 | D        | Found a blossoming altar of Fedhas.
   660 | D        | Found a bloodstained altar of Trog.
   660 | D        | Found an iron altar of Okawaru.
   660 | D        | Found a basalt altar of Yredelemnul.
   660 | D        | Found a glowing golden altar of the Shining One.
   660 | D        | Found a snail-covered altar of Cheibriados.
   660 | D        | Found a sacrificial altar of Ru.
   660 | D        | Found a glowing silver altar of Zin.
   660 | D        | Found a shadowy altar of Dithmenos.
   660 | D        | Found a white marble altar of Elyvilon.
   660 | D        | Noticed a yak
   669 | D        | Killed a yak
   669 | D        | Reached skill level 12 in Spellcasting
   669 | D        | Reached XP level 7. HP: 37/42 MP: 12/24
   671 | D        | Found an opulent altar of Gozag.
   672 | D        | Found a sparkling altar of Nemelex Xobeh.
   730 | D        | Noticed Sonja
   738 | D        | Killed Sonja
   738 | D        | Reached skill level 13 in Spellcasting
   738 | D        | Reached XP level 8. HP: 18/48 MP: 20/27
   745 | D        | Found Obideil's Antique Weapon Boutique.
   748 | D        | HP: 2/48 [poisoned by Sonja]
   751 | D        | Succumbed to Sonja's poison

Vault maps used:
D:        dungeon_sprint_1

Skill      XL: |  1  2  3  4  5  6  7 |
---------------+----------------------+-----
Spellcasting   | 6 9 10 11 12 13 | 13.5
Conjurations   | 3 4 5 6 7 8 |  8.2
Fire Magic     | 4 5 6 7 8 |  8.9
Fighting       | 2 3 4 |  4.8
Armour         | 2 3 4 |  4.8
Dodging        | 4 5 6 7 |  7.4
Stealth        | |  2.4

Action                   |  1- 3 |  4- 6 |  7- 9 || total
-------------------------+-------+-------+-------++-------
 Cast: Flame Tongue      |     8 |    14 |     3 ||    25
       Sticky Flame      |       |     5 |     1 ||     6
  Use: Potion            |       |     1 |     2 ||     3
Armor: Robe              |       |       |     3 ||     3
Dodge: Dodged            |     2 |     7 |     5 ||    14
